 Dungeon Crawl Stone Soup version 0.23.2 (webtiles) character file.

Game seed: 2030917602927684438

29 AngleWyrm the Ducker (level 3, -2/24 HPs)
             Began as a Merfolk Fire Elementalist on Apr 20, 2019.
             Slain by an adder (5 damage)
             ... on level 2 of the Dungeon.
             The game lasted 00:24:11 (1562 turns).

AngleWyrm the Ducker (Merfolk Fire Elementalist)    Turns: 1562, Time: 00:24:11

Health: -2/24      AC:  2    Str:  9    XL:     3   Next: 16%
Magic:  2/6        EV: 13    Int: 14    God:
Gold:   41         SH:  0    Dex: 14    Spells: 3/6 levels left

rFire    . . .     SeeInvis .   g - +0 short sword
rCold    . . .     Gourm    .   (no shield)
rNeg     . . .     Faith    .   a - +0 robe
rPois    .         Spirit   .   (no helmet)
rElec    .         Reflect  .   (no cloak)
rCorr    .         Harm     .   (no gloves)
MR       .....                  (no boots)
Stlth    ++........             j - amulet of magic regeneration
HPRegen  0.08/turn              (no ring)
MPRegen  0.35/turn              (no ring)

@: lethally poisoned (-2 -> -10), very slightly contaminated
A: change form in water, swift swim, stealthy swim
a: no special abilities


You were on level 2 of the Dungeon.
You were hungry.

You visited 1 branch of the dungeon, and saw 2 of its levels.

You collected 41 gold pieces.

Inventory:

Hand Weapons
 d - a +0 club
 g - a +0 short sword (weapon)
Missiles
 e - 45 stones (quivered)
Armour
 a - a +0 robe (worn)
 h - a +0 helmet
Jewellery
 j - an amulet of magic regeneration (around neck)
Scrolls
 m - a scroll of remove curse {unknown}
 n - a scroll of immolation {unknown}
Potions
 f - 2 potions of brilliance {unknown}
 k - a potion of mutation {unknown}
Comestibles
 b - 4 chunks of flesh
 c - 3 rations


   Skills:
 * Level 0.2 Short Blades
 + Level 2.8 Dodging
 + Level 2.3 Stealth
 + Level 2.2 Spellcasting
 + Level 1.0 Conjurations
 + Level 2.7 Fire Magic


You had 3 spell levels left.
You knew the following spells:

 Your Spells              Type           Power        Failure   Level  Hunger
a - Flame Tongue          Conj/Fire      #....        11%         1    #......
b - Throw Flame           Conj/Fire      #.....       16%         2    ###....

Your spell library contained the following spells:

 Spells                   Type           Power        Failure   Level  Hunger
 Conjure Flame            Conj/Fire      #.......     32%         3    ###....
 Inner Flame              Hex/Fire       #.......     36%         3    ###....
 Sticky Flame             Conj/Fire      #.......     71%         4    #####..
 Fireball                 Conj/Fire      #.........   96%         5    ######.


Dungeon Overview and Level Annotations

Branches:
Dungeon (2/15)

Altars:
Okawaru


Message History

The adder is severely wounded.
The adder bites you but does no damage. The adder bites you.
You are poisoned.
The adder poisons you!
Casting: Throw Flame (safe; 16% risk of failure)
Confirm with . or Enter, or press ? or * to list all spells.
You don't have enough magic to cast that spell.
As you read the scroll labeled LIAF SUM ESIX, it crumbles to dust.
You smell sulphur.
It was a scroll of random uselessness.
* * * LOW HITPOINT WARNING * * *
You feel sick. The adder barely misses you.
* * * LOW HITPOINT WARNING * * *
You feel sick. The adder bites you.
* * * LOW HITPOINT WARNING * * *
You are more poisoned.
The adder poisons you!
Found 18 gold pieces.
* * * LOW HITPOINT WARNING * * *
You feel sick. The adder bites you.
You die...

###########
#..........
#........#
#........####.####
#........S@....$..
#........####.####
#........#
#........#
########## .. ##.
#.. #.# #######


You could see an adder.

Vanquished Creatures
  A dart slug (D:1)
  A leopard gecko (D:1)
  3 hobgoblins (D:1)
  4 kobolds (D:1)
  2 ball pythons (D:1)
  3 bats (D:1)
  2 frilled lizards (D:1)
  A gnoll zombie (D:2)
  4 goblins (D:1)
  7 rats
  2 plants (D:1)
30 creatures vanquished.

Notes
Turn   | Place    | Note
-------+----------+-------------------------------------------
     0 | D:1      | AngleWyrm the Merfolk Fire Elementalist began the quest for
                  | the Orb.
     0 | D:1      | Reached XP level 1. HP: 13/13 MP: 3/3
   158 | D:1      | Reached XP level 2. HP: 18/19 MP: 0/5
   532 | D:1      | Learned a level 2 spell: Throw Flame
  1151 | D:1      | Reached skill level 1 in Conjurations
  1246 | D:1      | Reached XP level 3. HP: 18/24 MP: 1/6
  1483 | D:2      | Found an iron altar of Okawaru.
  1562 | D:2      | Slain by an adder

Skill      XL: |  1  2 |
---------------+-------+-----
Conjurations   | 1 |  1.0
Short Blades   | |  0.2
Dodging        | |  2.8
Stealth        | |  2.3
Spellcasting   | |  2.2
Fire Magic     | |  2.7

Action                   || total
-------------------------++-------
Melee: Club              ||    10
       Short sword       ||   195
 Cast: Flame Tongue      ||    28
       Throw Flame       ||    12
  Use: Scroll            ||     4
  Eat: Ration            ||     1
Armor: Robe              ||     6
Dodge: Dodged            ||    27
